← All builds
Suicide front / Armada / Factory first / OBSERVED BUILD

Standard suicide front

Armada Suicide front build order · Supreme Isthmus

The role's baseline: Bot Lab at 0:21 then straight into reclaim-fed T1 bot production to contest the middle and hold until T2 arrives, with an Advanced Metal Extractor around 9:45.

#rush · 2057 distinct matches · 236 players · 72% of Armada Suicide front games · team won 59% of 2435 · Recently observed

HOW TO PLAY IT

Key timing: Bot Lab by 0:20

  1. Open with mex and lab-first to get Bot Lab up by 0:20.
  2. Expand mex and wind while lab pumps units toward middle.
  3. Push Sentry and early Rocketeer, Centurion to contest middle.
  4. Get T2 constructor out once Pond's boost lets you spare metal.
  5. Upgrade mex to Advanced Metal Extractor as you transition off T1 spam.

Phase by phase

TYPICAL OF ITS 2057 GAMES
  1. 1
  2. 2
  3. 3
PLAY THE OPENING

Follow the example game's first 6:00 step by step: what to build now, what comes next, and where it goes. At 1× it keeps pace with your own game.

  1. 1

    Bot Lab first

    Order
    1. Bot LabBot Lab done ~0:25, middle half 0:20–0:33

    Some games also: mex (44%)

  2. 2

    Bot Lab to 5:00

    Economy
    • Metal Extractor5Mex
    • Wind Turbine4Wind
    Builders
    • Construction Bot3 Con bot
    • Lazarus2 Lazarus
    Army
    • Sentry4 Sentry
    • Rocketeer16 Rocketeer
    • Tick2 Tick
    • Centurion1 Centurion
    Other
    • Radar Tower1 Radar Tower

    Some games also: pawn (37%) · con turret (34%)

    By 5:00 in all: 5 mex · 4 wind

    The example game in this phase · 35 steps
    1. TickTick
    2. Mex
    3. LazarusLazarus ×2
    4. Construction BotCon bot
    5. PawnPawn ×2
    6. Mex
    7. PawnPawn ×2
    8. Radar TowerRadar Tower
    9. PawnPawn
    10. Radar TowerRadar Tower
    11. PawnPawn ×4
    12. Wind
    13. PawnPawn
    14. Construction BotCon bot ×2
    15. Mex
    16. Wind
    17. RocketeerRocketeer ×2
    18. MaceMace
    19. Wind
    20. RocketeerRocketeer ×2
    21. MaceMace
    22. LazarusLazarus
    23. SentrySentry
    24. Wind
    25. RocketeerRocketeer
    26. SentrySentry
    27. RocketeerRocketeer
    28. SentrySentry
    29. MaceMace
    30. LazarusLazarus
    31. Wind
    32. LazarusLazarus ×2
    33. Wind
    34. LazarusLazarus ×2
    35. Wind
  3. 3

    5:00 to 10:00

    Economy
    • Metal Extractor1Mex
    • Wind Turbine15Wind
    Builders
    • Construction Turret2 Con turret
    • Lazarus2 Lazarus
    • Construction Bot1 Con bot
    Army
    • Sentry1 Sentry
    • Rocketeer8 Rocketeer

    Some games also: pawn (49%) · Radar Tower (46%) · tick (44%) · centurion (44%) · energy storage (42%) · eat Bot Lab (31%)

    By 10:00 in all: 6 mex · 21 wind · 1 energy storage · 2 con turret

    The example game in this phase · 105 steps
    1. MaceMace
    2. SentrySentry
    3. RocketeerRocketeer
    4. Wind
    5. Energy storage
    6. RocketeerRocketeer
    7. Construction BotCon bot
    8. Wind
    9. MaceMace
    10. Wind
    11. RocketeerRocketeer ×2
    12. Wind
    13. LazarusLazarus
    14. OverwatchOverwatch
    15. MaceMace
    16. Wind ×2
    17. RocketeerRocketeer
    18. Wind
    19. RocketeerRocketeer
    20. Wind
    21. Converter
    22. MaceMace
    23. RocketeerRocketeer
    24. Wind
    25. RocketeerRocketeer
    26. Converter
    27. MaceMace
    28. Wind
    29. OverwatchOverwatch
    30. RocketeerRocketeer ×2
    31. Wind
    32. OverwatchOverwatch
    33. MaceMace
    34. Converter
    35. Construction BotCon bot
    36. Wind
    37. MaceMace
    38. RocketeerRocketeer
    39. Wind
    40. Converter
    41. RocketeerRocketeer
    42. Sneaky PeteSneaky Pete
    43. MaceMace
    44. Wind
    45. Construction BotCon bot
    46. RocketeerRocketeer
    47. Converter
    48. Wind
    49. RocketeerRocketeer
    50. LazarusLazarus
    51. PawnPawn
    52. Wind
    53. Converter
    54. PawnPawn ×5
    55. Wind
    56. PawnPawn ×4
    57. LazarusLazarus
    58. PawnPawn
    59. Con turret
    60. PawnPawn ×4
    61. LazarusLazarus
    62. PawnPawn
    63. Wind
    64. PawnPawn ×2
    65. Wind
    66. PawnPawn
    67. Advanced Metal ExtractorT2 mexdone 12:43 · typical 9:46
    68. Wind
    69. LazarusLazarus
    70. RocketeerRocketeer
    71. Wind
    72. Construction BotCon bot
    73. Wind
    74. Con turret
    75. Construction BotCon bot
    76. Wind ×4
    77. RocketeerRocketeer
    78. Advanced Metal ExtractorT2 mex
    79. Wind ×2
    80. MaceMace
    81. Wind
    82. Advanced Metal ExtractorT2 mex
    83. Wind ×2
    84. LazarusLazarus
    85. Wind ×2
    86. Con turret
    87. Wind ×3
    88. Con turret ×2
    89. Vehicle PlantVehicle Plantdone 14:25
    90. TickTick ×4
    91. Energy storage
    92. TickTick ×8
    93. BlitzBlitz
    94. Con turret
    95. TickTick
    96. BlitzBlitz
    97. TickTick
    98. BlitzBlitz
    99. TickTick
    100. BlitzBlitz
    101. TickTick ×2
    102. BlitzBlitz
    103. TickTick
    104. BlitzBlitz
    105. TickTick

Counts are medians over the build's games: half of them build more, half fewer. The example game is NoobSlayer's (30 OS, 15/08/2026); pick another.

Team trades

IN AT LEAST 30% OF ITS GAMES

You hand over

Nothing regular.

You get

  • Tidal Generator4 Tidal from Pondfirst at 0:11 · in 68% of games
  • Advanced Construction Bot1 T2 con bot from Geo or Techfirst at 7:41 · in 57% of games

How it plays out

Typical game of this build, running totals by minute

Metal produced

010k20k
0:005:0010:0015:00

metal

Enemy metal destroyed

05k10k
0:005:0010:0015:00

metal

Own metal lost

05k10k
0:005:0010:0015:00

metal

2435 games.

Show as table
ByMetal produced: This buildEnemy metal destroyed: This buildOwn metal lost: This build
1:0023000
2:0088600
3:002007185130
4:003109643501
5:0041851352996
6:00535021831706
7:00654530602588
8:00775739373496
9:00903546934370
10:001040253145146
11:001188658585952
12:001357264076663
13:001539768757432
14:001729875038209
15:001926981248981
WHAT THE NUMBERS SAY

Standard Suicide front play wins a bit over half its games while taking the heaviest own losses of any role by 15:00.

  • + Produces 20142 metal by 15:00, highest of the front roles.
  • + First kill by 2:01 in all games, fastest contest of middle.
  • − Own metal lost hits 9178 by 15:00, more than enemy metal destroyed.
  • − Only 34% Rocketeer share shows army spread thin across many bot types.
THE EXAMPLE YOU ARE READING

NoobSlayer

30.2 OS · 15/08/2026

Open source match ↗

6 received units
49 metal received · 65342 energy received

Allied construction assistance is unknown. Timings are observations, not a promise of solo reproducibility.

Typical milestones

Bot Lab0:25Middle 50%: 0:20–0:33 · n=2427
Advanced Metal Extractor9:46Middle 50%: 8:50–10:59 · n=1759

Played most by

_X_265games of this buildPlatinumBlonde188games of this buildXad165games of this buildTrapCaT110games of this buildImmort80games of this build